 Dungeon Crawl Stone Soup version 0.23.1 (webtiles) character file.

Game seed: 16152811515084753911

37 Borgoz the Sneak (level 3, -11/27 HPs)
             Began as a Ghoul Enchanter on Mar 3, 2019.
             Mangled by Sigmund
             ... wielding a +0 scythe
              (17 damage)
             ... on level 2 of the Dungeon.
             The game lasted 00:02:00 (1397 turns).

Borgoz the Sneak (Ghoul Enchanter)                  Turns: 1397, Time: 00:02:01

Health: -11/27     AC:  2    Str: 11    XL:     3   Next: 39%
Magic:  4/4        EV: 12    Int: 10    God:
Gold:   10         SH:  0    Dex: 10    Spells: 2/5 levels left

rFire    . . .     SeeInvis .   a - +1 dagger
rCold    + + .     Gourm    .   (no shield)
rNeg     + + +     Faith    .   b - +0 robe
rPois    ∞         Spirit   .   (no helmet)
rElec    .         Reflect  .   (no cloak)
rCorr    .         Harm     .   (no gloves)
MR       .....                  (no boots)
Stlth    ++........             (no amulet)
HPRegen  0.00/turn              e - ring of protection from cold
MPRegen  0.09/turn              (no ring)

@: rotting
A: rotting body, claws 1, carnivore, cold resistance 1, negative energy
resistance 3, inhibited regeneration, torment resistance, unbreathing
a: no special abilities


You were on level 2 of the Dungeon.
You were not hungry.

You visited 1 branch of the dungeon, and saw 2 of its levels.

You collected 10 gold pieces.

Inventory:

Hand Weapons
 a - a +1 dagger (weapon)
Armour
 b - a +0 robe (worn)
Jewellery
 e - a ring of protection from cold (left claw)
 i - an uncursed ring of flight {unknown}
Scrolls
 c - 2 scrolls of remove curse {unknown}
 h - 3 scrolls of teleportation {unknown}
Comestibles
 d - 5 rations


   Skills:
 + Level 0.7 Fighting
 * Level 1.7 Short Blades
 + Level 0.6 Armour
 * Level 2.4 Dodging
 + Level 3.5 Stealth
 - Level 1.7 Spellcasting
 - Level 2.4 Hexes


You had 2 spell levels left.
You knew the following spells:

 Your Spells              Type           Power        Failure   Level  Hunger
a - Corona                Hex            #......      12%         1    ##.....
b - Ensorcelled Hibernat  Hex/Ice        #.....       30%         2    ###....

Your spell library contained the following spells:

 Spells                   Type           Power        Failure   Level  Hunger
 Confuse                  Hex            #.......     34%         3    ####...
 Tukima's Dance           Hex            #.......     34%         3    ####...
 Dazzling Spray           Conj/Hex       #.....       52%         3    ####...


Dungeon Overview and Level Annotations

Branches:
Dungeon (2/15)

Altars:
Ashenzari
Dithmenos
Okawaru
Qazlal
Vehumet
Yredelemnul

Annotations:
D:2 Sigmund


Innate Abilities, Weirdness & Mutations

Your body is rotting away.
You thrive on raw meat.
You are immune to poison.
You have sharp fingernails.
You are carnivorous and can eat meat at any time.
Your flesh is cold resistant. (rC+)
You are immune to negative energy. (rN+++)
You do not regenerate when monsters are visible.
You are immune to unholy pain and torment.
You can survive without breathing.


Message History

Sigmund is moderately wounded.
Sigmund closely misses you.
You hit Sigmund.
Sigmund is heavily wounded.
Okay, then.
You hit Sigmund.
Sigmund is heavily wounded.
Sigmund hits you with a +0 scythe.
* * * LOW HITPOINT WARNING * * *
You hit Sigmund.
Sigmund is heavily wounded.
You hit Sigmund but do no damage.
Sigmund is heavily wounded.
Sigmund says, "I'm your fate." Sigmund barely misses you.
You hit Sigmund but do no damage.
Sigmund is heavily wounded.
Sigmund hits you with a +0 scythe!
Ouch! That really hurt!
You die...

#.# #.# #.#
#.# #.# #.#
#@# #@# #.#
#.# #.# #.#
#.# ## #.#
.# #.# .#
####.######


You could see Sigmund.

Vanquished Creatures
  An adder (D:2)
  2 dart slugs (D:1)
  A bat (D:1)
  4 goblins
  3 hobgoblins (D:1)
  4 jackals (D:1)
  2 frilled lizards (D:1)
  5 kobolds
  A rat (D:1)
23 creatures vanquished.

Notes
Turn   | Place    | Note
-------+----------+-------------------------------------------
     0 | D:1      | Borgoz the Ghoul Enchanter began the quest for the Orb.
     0 | D:1      | Reached XP level 1. HP: 14/14 MP: 2/2
    89 | D:1      | Reached skill level 1 in Short Blades
   308 | D:2      | Reached XP level 2. HP: 20/20 MP: 3/3
   405 | D:2      | Found an iron altar of Okawaru.
   407 | D:2      | Found a shadowy altar of Dithmenos.
   408 | D:2      | Found a basalt altar of Yredelemnul.
   408 | D:2      | Found a radiant altar of Vehumet.
   409 | D:2      | Found a shattered altar of Ashenzari.
   409 | D:2      | Found a stormy altar of Qazlal.
   832 | D:1      | Reached XP level 3. HP: 23/26 MP: 4/4
  1296 | D:1      | Learned a level 2 spell: Ensorcelled Hibernation
  1375 | D:2      | Noticed Sigmund
  1397 | D:2      | Mangled by Sigmund

Skill      XL: |  1 |
---------------+----+-----
Short Blades   | 1 |  1.7
Dodging        | 2 |  2.4
Fighting       | |  0.7
Armour         | |  0.6
Stealth        | |  3.5
Spellcasting   | |  1.7
Hexes          | |  2.4

Action                   || total
-------------------------++-------
Melee: Dagger            ||   111
 Cast: Corona            ||     1
  Use: Potion            ||     2
 Stab: Sleeping          ||     2
  Eat: Chunk             ||     4
Armor: Robe              ||    15
Dodge: Dodged            ||    58
